 Dungeon Crawl Stone Soup version 0.31-a0-1242-g57893ffec4 (webtiles) character file.

Game seed: 6535264071699119891

2 Kenran the Slasher (level 1, -2/25 HPs)
             Began as a Vampire Berserker on Dec 16, 2023.
             Was a Follower of Trog.
             Slain by a ball python (3 damage)
             ... on level 1 of the Dungeon.
             The game lasted 00:00:14 (76 turns).

Kenran the Slasher (Vampire Berserker)                Turns: 76, Time: 00:00:14

Health: -2/25      AC:  2    Str: 16    XL:     1   Next: 33%
Magic:  1/1        EV:  9    Int:  9    God:    Trog [*.....]
Gold:   15         SH:  0    Dex: 13    Spells: 0/0 levels left

rFire   . . .        a - +0 falchion
rCold   . . .        (no shield)
rNeg    . . .        b - +0 animal skin
rPois   .            (no helmet)
rElec   .            (no cloak)
rCorr   .            (no gloves)
SInv    +            (no boots)
Will    .....        (no amulet) Stlth
                     (no ring)
HPRegen 0.44/turn    (no ring)
MPRegen 0.07/turn

%: no passive effects
@: berserking (expiring), healing quickly, constricted, very quick
A: alive, fangs 3, see invisible, vampiric 1
a: Exsanguinate, Renounce Religion, Berserk


You were on level 1 of the Dungeon.
You worshipped Trog.
Trog was aware of your devotion.
You visited 1 branch of the dungeon, and saw 1 of its levels.

You collected 15 gold pieces.

Inventory:

Hand Weapons
 a - a +0 falchion (weapon)
Armour
 b - a +0 animal skin (worn)


   Skills:
 - Level 2.6 Fighting
 + Level 3.2 Long Blades
 - Level 1.5 Armour
 - Level 2.1 Dodging


You couldn't memorise any spells.
You didn't know any spells.
Your spell library was empty.

Dungeon Overview and Level Annotations

Branches:
Dungeon (1/15)

Altars:


Innate Abilities, Weirdness & Mutations

Your natural rate of healing is accelerated.
You have razor-sharp teeth.
You have supernaturally acute eyesight. (SInv)
You are afflicted with vampirism.


Message History

A red film seems to cover your vision as you go berserk!
You feel yourself moving faster!
You feel mighty! The ball python bites you. The ball python constricts you.
The goblin hits you with a +0 dagger.
You are too injured to fight recklessly!
You are too injured to fight recklessly!
You are too injured to fight recklessly!
You closely miss the ball python. The ball python barely misses you.
The ball python constricts you.
A kobold comes into view. It is wielding a +0 club.
The goblin hits you with a +0 dagger.
You barely miss the goblin.
The goblin is heavily wounded.
The kobold shouts!
The ball python barely misses you. The ball python constricts you.
The rat barely misses you. The goblin barely misses you.
You hit the goblin.
You kill the goblin!
Trog accepts your kill. The ball python bites you.
The ball python constricts you. The rat barely misses you.
You escape the ball python's grasp.
The kobold barely misses you. The kobold hits you with a +0 club.
You see here a +0 dagger.
You barely miss the kobold. The ball python misses you. x2
The kobold hits you with a +0 short sword.
The kobold hits you but does no damage.
You closely miss the kobold. The ball python bites you.
The ball python grabs you. The ball python constricts you.
The rat closely misses you. The kobold closely misses you.
The kobold hits you with a +0 club.
* * * LOW HITPOINT WARNING * * *
You barely miss the kobold. The ball python bites you.
* * * LOW HITPOINT WARNING * * *
The ball python constricts you. The rat barely misses you.
The kobold hits you with a +0 short sword.
* * * LOW HITPOINT WARNING * * *
The kobold hits you with a +0 club.
* * * LOW HITPOINT WARNING * * *
You barely miss the kobold. The ball python bites you.
You die...

#....## ..?... #....#
#.#....# #.#....# #.#....
#.#KK# #.#@S# #.#r.#
#######.#..# ...r!......#
...........# ...........#
...........# ...........#
...........###############


You could see a ball python, 2 kobolds and a rat.

Vanquished Creatures
  A goblin (D:1)
  A kobold (D:1)
  A rat (D:1)
3 creatures vanquished.

Notes
Turn   | Place    | Note
-------+----------+-------------------------------------------
     0 | D:1      | Kenran the Vampire Berserker began the quest for the Orb.
     0 | D:1      | Reached XP level 1. HP: 17/17 MP: 1/1
    75 | D:1      | HP: 1/25 [kobold/+0 club (4)]
    76 | D:1      | Slain by a ball python

Illustrated notes

Levels and vault maps discovered:
D:1:      scummos_arrival_forest, layout_basic, serial_shops,
          nicolae_square_shop

Action                     || total
---------------------------++-------
  Melee: Falchion          ||    18
 Invoke: Berserk           ||     1
 Armour: Animal skin       ||    20
  Dodge: Dodged            ||    15

Table legend: (Time is in decaauts)
 A = Elapsed time spent in this place.
 B = Non-inter-level travel time spent in this place.
 C = Inter-level travel time spent in this place.
 D = Time resting spent in this place.
 E = Time spent auto-exploring this place.
 F = Levels seen in this place.
 G = Mean time per level.
                   A        B        C        D        E       F      G
               +--------+--------+--------+--------+--------+-----+--------+
         Total |     76 |     76 |      0 |      0 |     49 |   1 |   76.0 |
       Dungeon |     76 |     76 |      0 |      0 |     49 |   1 |   76.0 |
               +--------+--------+--------+--------+--------+-----+--------+

Top non-repeatable levels by time:
     D:1: 76 daAuts
